 Dungeon Crawl Stone Soup version 0.28-a0-511-gcc94558de3 (webtiles) character file.

Game seed: 18245985606999354325

2430 omnomnOMINOUS the Conjurer (level 9, -5/60 (62) HPs)
             Began as an Octopode Wanderer on Sept 21, 2021.
             Was a Priest of Vehumet.
             Slain by an orc warrior (11 damage)
             ... on level 7 of the Dungeon.
             The game lasted 00:20:17 (8004 turns).

omnomnOMINOUS the Conjurer (Octopode Wanderer)      Turns: 8004, Time: 00:20:18

HP:   -5/60 (62)    AC:  5    Str: 11    XL:     9   Next: 48%
MP:   0/10          EV: 15    Int: 33    God:    Vehumet [***...]
Gold: 61            SH:  0    Dex: 12    Spells: 3/10 levels left

rFire   . . .      SeeInvis +   a - +5 morningstar "Guocyuna" {freeze, Int+4}
rCold   . . .      Faith    .   (no shield)
rNeg    . . .      Spirit   +   (helmet restricted)
rPois   +          Reflect  .   r - amulet of guardian spirit
rElec   .          Harm     .   e - +6 ring of intelligence
rCorr   .          Rampage  .   l - +4 ring of protection
Will    .....                   A - ring of poison resistance
Stlth   +++.......              D - +6 ring of intelligence
HPRegen 0.20/turn               C - ring of see invisible
MPRegen 0.12/turn               (no ring)
                                (no ring)
                                (no ring)

@: lightly drained
A: almost no armour, amphibious, 8 rings, camouflage 1, gelatinous body 1,
(nimble swimmer 1), tentacles
a: Renounce Religion


You were on level 7 of the Dungeon.
You worshipped Vehumet.
Vehumet was most pleased with you.
You visited 1 branch of the dungeon, and saw 7 of its levels.
You also visited: Ossuary.

You collected 322 gold pieces.
You spent 261 gold pieces at shops.

Inventory:

Hand Weapons
 a - the +5 morningstar "Guocyuna" (weapon) {freeze, Int+4}
   (You bought it in a shop on level 4 of the Dungeon)

   It freezes those it strikes, dealing additional cold damage.
   It can also slow down cold-blooded creatures.
   Int:       It affects your intelligence (+4).
 b - a +2 vorpal trident
 E - a +2 vorpal mace
 F - a +1 dire flail of protection
Missiles
 m - 191 stones
 s - a throwing net
 I - a curare-tipped dart
Jewellery
 e - a +6 ring of intelligence (left tentacle)
 l - a +4 ring of protection (right tentacle)
 r - an amulet of guardian spirit (around mantle)
 A - a ring of poison resistance (on tentacle)
 C - a ring of see invisible (on tentacle)
 D - a +6 ring of intelligence (on tentacle)
Scrolls
 c - 2 scrolls of teleportation
 i - 4 scrolls of noise
 j - 4 scrolls of immolation
 n - 2 scrolls of fear
 o - a scroll of magic mapping {unknown}
 u - 3 scrolls of vulnerability {unknown}
 x - 2 scrolls of enchant weapon {unknown}
 y - a scroll of acquirement {unknown}
 G - a scroll of fog {unknown}
 H - a scroll of brand weapon {unknown}
Potions
 d - 5 potions of haste
 f - a potion of lignification
 g - 3 potions of degeneration
 h - a potion of flight
 k - a potion of resistance {unknown}
 p - 4 potions of cancellation
 q - a potion of might {unknown}
 t - 3 potions of attraction
 w - a potion of berserk rage {unknown}
 z - a potion of brilliance {unknown}
 B - 3 potions of curing


   Skills:
 + Level 5.8 Fighting
 + Level 3.3 Maces & Flails
 - Level 0.2 Polearms
 + Level 5.8 Dodging
 - Level 2.6 Stealth
 - Level 1.0 Spellcasting
 + Level 6.2 Conjurations
 - Level 3.0 Ice Magic
 + Level 6.2 Earth Magic


You had 3 spell levels left.
You knew the following spells:

 Your Spells              Type           Power      Damage    Failure   Level
a - Sandblast             Erth           84%        2d18      1%          1
b - Searing Ray           Conj           84%        2d7       1%          2
c - Stone Arrow           Conj/Erth      84%        3d12      1%          3
d - Foxfire               Conj/Fire      88%        2x1d8     1%          1

Your spell library contained the following spells:

 Spells                   Type           Power      Damage    Failure   Level
 Frozen Ramparts          Ice            42%        1d6       1%          3
 Conjure Flame            Conj/Fire      22%        6-21      1%          3
 Inner Flame              Hex/Fire       1%         N/A       6%          3
 Slow                     Hex            1%         N/A       11%         2
 Confusing Touch          Hex            1%         N/A       22%         3
 Vampiric Draining        Necr           0%         2d6       22%         3
 Flame Wave               Conj/Fire      22%        3d6       5%          4
 Ice Form                 Ice/Tmut       11%        N/A       36%         4
 Summon Ice Beast         Ice/Summ       11%        N/A       36%         4


Dungeon Overview and Level Annotations

Branches:
Dungeon (7/15)             Temple (0/1) D:4         Ossuary (visited)

Altars:
Ashenzari
Dithmenos
Nemelex Xobeh
Qazlal
Sif Muna
Vehumet
Wu Jian
Xom
The Shining One

Shops:
D:4 (:(?   D:7 [


Innate Abilities, Weirdness & Mutations

You cannot wear most types of armour.
You are amphibious.
You can wear up to eight rings at the same time.
Your skin changes colour to match your surroundings (Stealth+).
Your rubbery body absorbs attacks. (AC +1, EV +1)
((You are camouflaged near water. (Stealth+)))
You have tentacles for arms and can constrict up to eight enemies at once.


Message History

You hit the orc priest. You freeze the orc priest.
The orc priest is moderately wounded.
The orc priest zaps a wand.
You easily resist.
The orc priest calls down the wrath of Beogh upon you.
Beogh smites you!
* * * LOW HITPOINT WARNING * * *
The orc warrior hits you but does no damage.
The orc hits you but does no damage.
The orc priest hits you with a +0 flail.
* * * LOW HITPOINT WARNING * * *
Unknown command.
You feel much better.
You feel less wooden.
The orc priest hits you with a +0 flail.
The orc warrior hits you with a +0 war axe.
The orc completely misses you.
The orc priest calls upon Beogh to heal the orc warrior.
The orc warrior's wounds heal themselves!
You thump the orc priest! You freeze the orc priest. You grab the orc priest.
The orc priest is almost dead.
You constrict the orc priest.
You kill the orc priest!
Vehumet accepts your kill.
The orc warrior hits you with a +0 war axe.
The orc hits you with a +0 club.
* * * LOW HITPOINT WARNING * * *
The orc priest barely misses you.
Unknown command.
Okay, then.
Unknown command.
You aren't carrying any items that you can evoke.
Okay, then.
Unknown command.
You barely miss the orc warrior. You grab the orc warrior.
You constrict the orc warrior, but do no damage.
The orc warrior hits you with a +0 war axe!
* * * LOW HITPOINT WARNING * * *
The orc barely misses you.
The orc priest zaps a wand.
You easily resist.
The orc warrior hits you with a +0 war axe!
You die...

...#.#####'#.###
#.##.#...#.#.#
###.##.#.#.#.#.#
....#.#...<.#.# ...
.# #..#.#######.#
###
...####..#..........
....................
. #....o....###.#..
... #...o@o...# ###
.......)))...#
####.........#
#.........#
...........#
............#
............#
.....####....


You could see an orc warrior, an orc priest and an orc.

Vanquished Creatures
  Grinder (D:6)
  A wyvern (D:4)
  An orc warrior (D:6)
  A sky beast (D:6)
  2 ice beasts
  A necrophage (D:6)
  An ogre (D:4)
  2 elf zombies (D:5)
  2 kobold brigands
  2 elf skeletons (D:5)
  2 wyvern skeletons
  2 water moccasin skeletons
  4 wights
  A bullfrog zombie (D:7)
  A centaur zombie (D:5)
  A centaur skeleton (D:5)
  3 orc priests
  Jessica (D:2)
  A human skeleton (D:5)
  2 iguanas
  4 orc wizards
  A killer bee zombie (D:6)
  13 mummies (Ossuary)
  3 gnolls (D:3)
  7 adders
  A white imp (D:5)
  A worm (D:5)
  2 dart slugs
  16 orcs
  3 bats
  13 endoplasms
  4 giant cockroaches
  5 goblins
  7 hobgoblins
  6 jackals
  16 kobolds
  5 quokkas
  8 ball pythons
  6 frilled lizards
  5 gnoll skeletons (Ossuary)
  A kobold skeleton (Ossuary)
  2 orc skeletons (Ossuary)
  An orc zombie (D:5)
  6 rats
  11 rat skeletons (Ossuary)
179 creatures vanquished.

Vanquished Creatures (others)
  8 foxfires (D:3)
  2 plants (D:3)
10 creatures vanquished.

Grand Total: 189 creatures vanquished

Notes
Turn   | Place    | Note
-------+----------+-------------------------------------------
     0 | D:1      | omnomnOMINOUS the Octopode Wanderer began the quest for the
                  | Orb.
     0 | D:1      | omnomnOMINOUS set off with the following items: a +2
                  | dagger, a scroll of fear, a scroll of teleportation; and
                  | the following spell memorised: Sandblast; and the following
                  | spells available to memorise: Stone Arrow
     0 | D:1      | Reached XP level 1. HP: 11/11 MP: 2/2
   231 | D:1      | Reached XP level 2. HP: 18/18 MP: 3/3
   441 | D:1      | Reached skill level 1 in Fighting
   458 | D:1      | Reached skill level 1 in Dodging
   461 | D:1      | Reached XP level 3. HP: 22/23 MP: 4/4
   465 | D:1      | Learned a level 3 spell: Stone Arrow
   833 | D:2      | Noticed Jessica
   842 | D:2      | Killed Jessica
   901 | D:2      | Reached XP level 4. HP: 28/28 MP: 5/5
  1227 | D:2      | Learned a level 1 spell: Foxfire
  1335 | D:2      | Found a radiant altar of Vehumet.
  1352 | D:2      | Became a worshipper of Vehumet
  2253 | D:3      | Reached XP level 5. HP: 24/34 MP: 6/6
  3101 | D:3      | Found a faded altar of an unknown god.
  3246 | D:3      | Reached * piety under Vehumet
  3246 | D:3      | Offered knowledge of Magic Dart by Vehumet.
  3401 | D:4      | Noticed a wyvern
  3417 | D:4      | Found Mitegret's Antique Weapon Emporium.
  3450 | D:4      | Reached XP level 6. HP: 41/41 MP: 7/7
  3473 | D:4      | Found Rorhonym's Book Emporium.
  3531 | D:4      | Killed a wyvern
  3742 | D:4      | Found a staircase to the Ecumenical Temple.
  3746 | D:4      | Found Ehafohe's Magic Scroll Shoppe.
  3914 | D:4      | Found Ytarphaimp's Antique Weapon Shop.
  4127 | D:4      | Reached XP level 7. HP: 46/46 MP: 8/8
  4676 | D:5      | Entered Level 5 of the Dungeon
  4799 | D:5      | Identified the +2 leather armour "Hopigib" {rN+ Will- Str+7
                  | Int+4}
  5000 | D:5      | Found a sand-covered staircase.
  5006 | D:5      | Reached XP level 8. HP: 42/54 MP: 3/9
  5011 | Ossuary  | Entered an ossuary
  5129 | Ossuary  | Offered knowledge of Searing Ray by Vehumet.
  5131 | Ossuary  | Reached ** piety under Vehumet
  5135 | Ossuary  | Learned a level 2 spell: Searing Ray
  5387 | Ossuary  | Reached skill level 5 in Conjurations
  5617 | D:4      | Bought a dazzling morningstar for 261 gold pieces
  5617 | D:4      | Identified the +5 morningstar "Guocyuna" {freeze, Int+4}
                  | (You bought it in a shop on level 4 of the Dungeon)
  5704 | D:5      | Reached skill level 5 in Earth Magic
  6312 | D:6      | Found a sparkling altar of Nemelex Xobeh.
  6316 | D:5      | Offered knowledge of Frozen Ramparts by Vehumet.
  6360 | D:5      | Reached skill level 1 in Maces & Flails
  6525 | D:6      | Found a shadowy altar of Dithmenos.
  6655 | D:6      | Reached skill level 5 in Fighting
  6655 | D:6      | Reached skill level 5 in Dodging
  7005 | D:6      | Found a shimmering altar of Xom.
  7005 | D:6      | Found a glowing golden altar of the Shining One.
  7005 | D:6      | Found a stormy altar of Qazlal.
  7007 | D:6      | Found a shimmering blue altar of Sif Muna.
  7008 | D:6      | Found an ornate altar of the Wu Jian Council.
  7064 | D:6      | Reached XP level 9. HP: 61/61 MP: 3/10
  7227 | D:6      | Noticed Grinder
  7230 | D:6      | Reached *** piety under Vehumet
  7232 | D:6      | Killed Grinder
  7370 | D:6      | Found a broken altar of Ashenzari.
  7820 | D:7      | Found Biggonosagu's Antique Armour Boutique.
  8004 | D:7      | Slain by an orc warrior

Illustrated notes

Levels and vault maps discovered:
D:1:      wander_arrival_abandoned_jail, layout_rooms,
          minmay_misc_feat_nine_boxes
D:2:      layout_basic, basic_altar, uniq_jessica
D:3:      cheibrodos_old_hovel, layout_basic, shapermc_ecumenical_altar_ellora
D:4:      layout_basic, minmay_temple_entry_wispy, serial_shops,
          kennysheep_little_box, shop, shop, shop
D:5:      layout_loops_cross, nicolae_ossuary_entry_catacombs
D:6:      layout_basic, ashenzari_conservatory_becter,
          grunt_temple_overflow_open, uniq_grinder
D:7:      layout_basic, serial_shops, nicolae_shop_stone, gammafunk_ghost_arena

Skill      XL: |  1  2  3  4  5  6  7  8  9 |
---------------+----------------------------+-----
Fighting       | 1 2 3 4 5 |  5.8
Dodging        | 1 2 3 4 5 |  5.8
Conjurations   | 3 4 5 6 |  6.2
Earth Magic    | 3 4 5 6 |  6.2
Maces & Flails | 2 3 |  3.3
Polearms       | |  0.2
Stealth        | |  2.6
Spellcasting   | |  1.0
Ice Magic      | |  3.0

Action                   |  1- 3 |  4- 6 |  7- 9 || total
-------------------------+-------+-------+-------++-------
Melee: Dagger            |    45 |    76 |       ||   121
       Constrict         |     6 |    24 |    43 ||    73
       Tentacles         |     6 |    18 |    37 ||    61
       Trident           |       |    39 |   129 ||   168
       Morningstar       |       |       |   102 ||   102
 Cast: Sandblast         |       |    14 |       ||    14
       Foxfire           |       |     4 |       ||     4
       Stone Arrow       |       |     2 |    22 ||    24
  Use: Potion            |       |     1 |     6 ||     7
       Scroll            |       |       |     9 ||     9
 Stab: Sleeping          |     7 |    15 |    17 ||    39
Armor: Skin              |     3 |    12 |   102 ||   117
Dodge: Dodged            |    25 |    60 |   143 ||   228

Table legend: (Time is in decaauts)
 A = Elapsed time spent in this place.
 B = Non-inter-level travel time spent in this place.
 C = Inter-level travel time spent in this place.
 D = Time resting spent in this place.
 E = Time spent auto-exploring this place.
 F = Levels seen in this place.
 G = Mean time per level.
                   A        B        C        D        E       F      G
               +--------+--------+--------+--------+--------+-----+--------+
         Total |   8084 |   7885 |    199 |   1456 |   4992 |   8 | 1010.5 |
       Dungeon |   7548 |   7349 |    199 |   1456 |   4626 |   7 | 1078.3 |
       Ossuary |    535 |    535 |      0 |      0 |    366 |   1 |  535.0 |
               +--------+--------+--------+--------+--------+-----+--------+

Top non-repeatable levels by time:
     D:5: 1593 daAuts
     D:4: 1446 daAuts
     D:3: 1265 daAuts
     D:2: 1199 daAuts
     D:1: 890 daAuts
     D:6: 771 daAuts
 Ossuary: 535 daAuts
     D:7: 382 daAuts
